 Dungeon Sprint DCSS version 0.28.0-43-g3370ac3207 (webtiles) character file.

Game seed: 10186151836618311165

380 boopmooplesden the Carver (level 6, -2/100 HPs)
             Began as a Minotaur Berserker on Mar 8, 2022.
             Was a Priest of Trog.
             Slain by a wyvern (9 damage)
             ... in the Dungeon (Sprint II: "The Violet Keep of Menkaure").
             The game lasted 00:00:35 (323 turns).

boopmooplesden the Carver (Minotaur Berserker)       Turns: 323, Time: 00:00:36

Health: -2/100     AC:  2    Str: 23    XL:     6   Next: 46%
Magic:  5/5        EV: 13    Int:  4    God:    Trog [***...]
Gold:   486        SH:  0    Dex: 10    Spells: 5/5 levels left

rFire   . . .      SeeInvis .   a - +0 falchion
rCold   . . .      Faith    .   (no shield)
rNeg    . . .      Spirit   .   b - +0 animal skin
rPois   .          Reflect  .   (helmet restricted)
rElec   .          Harm     .   (no cloak)
rCorr   .          Rampage  .   (no gloves)
Will    .....      NoTele   +   (no boots)
Stlth   ..........              (no amulet)
HPRegen 0.26/turn               (no ring)
MPRegen 0.09/turn               (no ring)

@: berserking (expiring), very quick
A: horns 2, retaliatory headbutt
a: Renounce Religion, Berserk, Trog's Hand


You were in the Dungeon.
You worshipped Trog.
Trog was most pleased with you.
You visited 1 branch You collected 486 gold pieces.

Inventory:

Hand Weapons
 a - a +0 falchion (weapon)
Armour
 b - a +0 animal skin (worn)
Scrolls
 h - a scroll of blinking
Potions
 c - a potion of curing
 d - a potion of heal wounds
 e - a potion of haste
 f - 2 potions of magic
 g - a potion of berserk rage


   Skills:
 + Level 10.6 Fighting
 + Level 11.3 Long Blades
 + Level 5.6 Armour
 + Level 5.8 Dodging


You had 5 spell levels left.
You didn't know any spells.
Your spell library was empty.

Dungeon Overview and Level Annotations

Branches:
Dungeon (1/1)

Altars:


Innate Abilities, Weirdness & Mutations

You have a pair of horns on your head.
You reflexively headbutt those who attack you in melee.


Message History

You open the door. 2 wyverns come into view.
Found 243 gold pieces.
The wyvern hisses angrily. x2
The wyvern bites you!
There is an open door here.
The wyvern bites you!
A red film seems to cover your vision as you go berserk!
You feel yourself moving faster!
You feel mighty! The wyvern bites you!
You hit the wyvern.
The wyvern is lightly wounded.
The wyvern barely misses you. You furiously retaliate!
You headbutt the wyvern! You completely miss the wyvern.
Your headbutt misses the wyvern.
The wyvern is heavily wounded.
The wyvern barely misses you.
You hit the wyvern.
The wyvern is severely wounded.
The wyvern hisses menacingly.
The wyvern bites you!
You closely miss the wyvern. You headbutt the wyvern!
You kill the wyvern!
Trog accepts your kill.
Your Fighting skill increases to level 10!
Your Long Blades skill increases to level 11!
You have reached level 6!
You slash the wyvern!
The wyvern is heavily wounded.
The wyvern bites you!
* * * LOW HITPOINT WARNING * * *
You hit the wyvern. You headbutt the wyvern.
The wyvern is almost dead.
You closely miss the wyvern. Your headbutt misses the wyvern.
The wyvern is almost dead.
The wyvern bites you!
* * * LOW HITPOINT WARNING * * *
You closely miss the wyvern.
The wyvern is almost dead.
The wyvern hisses menacingly.
The wyvern bites you!
You die...

##+#
##..###
#..##.#
##.#.####
##'###.#
##.##..##
+.<.†##.+
##@##..##
#l###.#
#.#$####
#.# #.#
## ##


You could see a wyvern.

Vanquished Creatures
  A wyvern (D)
  4 scorpions (D)
  3 worms (D)
8 creatures vanquished.

Notes
Turn   | Place    | Note
-------+----------+-------------------------------------------
     0 | D        | boopmooplesden the Minotaur Berserker began the quest for
                  | the Orb.
     0 | D        | Reached XP level 1. HP: 19/19 MP: 0/0
     7 | D        | Reached skill level 4 in Long Blades
    13 | D        | Reached ** piety under Trog
    14 | D        | Reached XP level 2. HP: 23/28 MP: 1/1
   138 | D        | Noticed a scorpion
   138 | D        | Noticed a scorpion
   138 | D        | Noticed a scorpion
   138 | D        | Noticed a scorpion
   146 | D        | Killed a scorpion
   147 | D        | Reached skill level 7 in Long Blades
   147 | D        | Reached XP level 3. HP: 38/38 MP: 2/2
   149 | D        | Killed a scorpion
   150 | D        | Reached skill level 8 in Long Blades
   150 | D        | Reached XP level 4. HP: 48/48 MP: 3/3
   155 | D        | Killed a scorpion
   156 | D        | Reached skill level 9 in Long Blades
   156 | D        | Reached XP level 5. HP: 52/56 MP: 4/4
   156 | D        | Reached *** piety under Trog
   157 | D        | Reached skill level 10 in Long Blades
   157 | D        | Reached skill level 5 in Armour
   157 | D        | Reached skill level 5 in Dodging
   312 | D        | Noticed a wyvern
   312 | D        | Noticed a wyvern
   319 | D        | Killed a wyvern
   320 | D        | Reached skill level 10 in Fighting
   320 | D        | Reached skill level 11 in Long Blades
   320 | D        | Reached XP level 6. HP: 32/67 MP: 5/5
   323 | D        | Slain by a wyvern

Illustrated notes

Levels and vault maps discovered:
D:        the_violet_keep_of_menkaure [sprint2_stairs_cluster_1,
          sprint2_shoproom, sprint2_temple, sprint2_basic_supplies,
          sprint2_obstacle_3, sprint2_obstacle_6, sprint2_obstacle_1,
          sprint2_obstacle_4, sprint2_obstacle_2, sprint2_timed_cluster_1,
          sprint2_smallroom_cluster_1, sprint2_smallroom_final_cluster_1,
          sprint2_transparent_cluster_1, sprint2_second_timed_cluster_1,
          sprint2_sniper_area_1, sprint2_heavy_combat_area_1,
          sprint2_mutation_trap_area_1, sprint2_forest_area_1,
          sprint2_light_combat_area_1, sprint2_behind_water_1,
          sprint2_near_end_vault_1]

Skill      XL: |  1  2  3  4  5 |
---------------+----------------+-----
Fighting       | 4 6 7 8 10 | 10.6
Long Blades    | 4 7 8 9 11 | 11.3
Armour         | 3 4 5 |  5.6
Dodging        | 3 4 5 |  5.8

Action                   |  1- 3 |  4- 6 || total
-------------------------+-------+-------++-------
Melee: Falchion          |    18 |    15 ||    33
       Headbutt          |     1 |     2 ||     3
Invok: Berserk           |     2 |     1 ||     3
Dodge: Dodged            |     6 |     3 ||     9
